 Dungeon Crawl Stone Soup version 0.17-a0-2171-ga91b4ec (webtiles) character file.

74 Goblin1989 the Twirler (level 4, -5/26 HPs)
             Began as a Gargoyle Gladiator on Oct 25, 2015.
             Killed by divine providence
             ... invoked by an orc priest
              (12 damage)
             ... on level 3 of the Dungeon.
             The game lasted 00:03:42 (1648 turns).

Goblin1989 the Twirler (Gargoyle Gladiator)         Turns: 1648, Time: 00:03:44

Health: -5/26      AC:  8    Str: 19    XL:     4   Next: 30%
Magic:  4/4        EV: 12    Int:  9    God:
Gold:   104        SH:  0    Dex: 10    Spells: 0 memorised, 3 levels left

rFire  . . .     SeeInvis .     a - +0 quarterstaff
rCold  . . .     Clarity  .     b - +0 leather armour
rNeg   + . .     SustAt   .     (no shield)
rPois  ∞         Gourm    .     c - +0 helmet
rElec  +         Spirit   .     n - +0 cloak
rCorr  .         Warding  .     (no gloves)
rMut   .         Stasis   .     (no boots)
MR     .....                    (no amulet)
Stlth  +.........               (no ring)
                                (no ring)

@: not resistant to hostile enchantments, very unstealthy
A: negative energy resistance 1, electricity resistance, unbreathing,
petrification resistance, rot immunity, AC +3
a: no special abilities


You were on level 3 of the Dungeon.
You were very hungry.

You visited 1 branch of the dungeon, and saw 3 of its levels.

You collected 104 gold pieces.

Inventory:

Hand Weapons
 a - a +0 quarterstaff (weapon)
Missiles
 d - 3 throwing nets (quivered)
Armour
 b - a +0 leather armour (worn)
 c - a +0 helmet (worn)
 n - a +0 cloak (worn)
Jewellery
 m - an uncursed amulet of faith {unknown}
Scrolls
 f - a scroll of recharging {unknown}
 h - 2 scrolls of identify {unknown}
 i - a scroll of amnesia {unknown}
 j - 2 scrolls of immolation {unknown}
 k - a scroll of fear {unknown}
 p - a scroll of blinking {unknown}
Potions
 g - a potion of cancellation {unknown}
 l - a potion of magic {unknown}
 o - a potion of curing {unknown}
Comestibles
 e - 3 bread rations


   Skills:
 - Level 2.1 Fighting
 + Level 5.0 Staves
 - Level 1.7 Throwing
 - Level 2.4 Dodging


You had 3 spell levels left.
You didn't know any spells.

Dungeon Overview and Level Annotations

Branches:
Dungeon (3/15)

Altars:
The Shining One


Innate Abilities, Weirdness & Mutations

You are resistant to torment.
Your stone body is resilient (AC +3).
You are immune to poison.
You resist negative energy.
You are resistant to electric shocks.
You can survive without breathing.
You are immune to petrification.
You are immune to rotting.


Message History

You are too injured to fight recklessly!
You are too injured to fight recklessly!
You are too injured to fight recklessly!
You are too injured to fight recklessly!
You are too injured to fight recklessly!
You are too injured to fight recklessly!
You are too injured to fight recklessly!
You are too injured to fight recklessly!
You are too injured to fight recklessly!
You hit the orc priest but do no damage.
The orc priest is heavily wounded.
The orc priest hits you but does no damage.
The orc priest misses you.
You hit the orc priest but do no damage.
The orc priest is heavily wounded.
The orc priest hits you but does no damage.
The orc misses you.
The orc priest invokes the aid of Beogh against you.
Something smites you!
You die...

#....# ###....#
......# ##....#
#.....
#....########
#.###o........#
#..oo@...####.#
#.....#o..)...#.#
#.... #.......#.#
#... #.#.#.....#
#.. #.#....####
#. #.###..##### #
#.#<.........
#.###########


You could see 2 orc priests and 2 orcs.

Vanquished Creatures
  2 adders (D:2)
  An ooze (D:2)
  2 worms (D:2)
  2 giant geckos
  2 giant cockroaches (D:1)
  3 hobgoblins (D:1)
  2 quokkas (D:2)
  7 bats
  7 goblins
  3 jackals (D:1)
  6 kobolds
  12 rats
49 creatures vanquished.

Vanquished Creatures (others)
  A worm (D:3)
1 creature vanquished.

Grand Total: 50 creatures vanquished

Notes
Turn   | Place    | Note
--------------------------------------------------------------
     0 | D:1      | Goblin1989 the Gargoyle Gladiator began the quest for the Orb.
     0 | D:1      | Reached XP level 1. HP: 12/12 MP: 1/1
    79 | D:1      | Reached XP level 2. HP: 12/17 MP: 2/2
   717 | D:1      | Reached skill level 4 in Staves
   749 | D:1      | Reached XP level 3. HP: 21/21 MP: 3/3
  1058 | D:2      | Found a glowing golden altar of the Shining One.
  1345 | D:2      | Reached XP level 4. HP: 23/26 MP: 4/4
  1548 | D:2      | Reached skill level 5 in Staves
  1648 | D:3      | Killed from afar by an orc priest

Vault maps used:
D:1:      dpeg_arrival_ratfight
D:2:      tso_oasis_becter, first_bread
D:3:      fiery_altar_vehumet, lemuel_zombie_altar_yredelemnul,
          amethyst_killhole

Action                   |  1- 3 |  4- 6 || total
-------------------------+-------+-------++-------
Melee: Quarterstaff      |   129 |    18 ||   147
  Eat: Chunk             |     1 |       ||     1
